 Dungeon Crawl Stone Soup version 0.26-a0-597-gb535b0901c (webtiles) character file.

Game seed: 7892744229835964649

(classic levelgen) 272326 EnegeticOcto the Tortoise (level 19, 0/193 HPs)
             Began as a Deep Dwarf Fighter on Sept 9, 2020.
             Was the Champion of Makhleb.
             Slain by an electric golem (14 damage)
             ... on level 2 of the Realm of Zot.
             The game lasted 00:19:14 (19625 turns).

EnegeticOcto the Tortoise (Deep Dwarf Fighter)     Turns: 19625, Time: 00:19:15

Health: 0/193      AC: 26    Str: 26 (27) XL:     19   Next: 4%
Magic:  5/5        EV:  6    Int:  9 (10) God:    Makhleb [******]
Gold:   1259       SH: 20    Dex: 16      Spells: 18/18 levels left

rFire    + + .     SeeInvis .   B - +9 war axe (freeze)
rCold    + . .     Faith    +   c - +5 kite shield
rNeg     + . .     Spirit   .   H - +0 crystal plate armour
rPois    +         Reflect  .   D - +2 helmet of Charity {Dex+4}
rElec    .         Harm     .   N - scarf {rC+ rF+}
rCorr    .                      (no gloves)
MR       ++...                  (no boots)
Stlth    ..........             R - amulet of faith
HPRegen  0.00/turn              K - ring of poison resistance
MPRegen  0.09/turn              v - ring of protection from fire

@: corroded, non-regenerating
A: damage resistance, heal wounds, rugged brown scales 1, deterioration 1,
negative energy resistance 1, sense surroundings 3, no potion heal 1, no
regeneration
}: 3/15 runes: decaying, slimy, gossamer
a: Heal Wounds, Minor Destruction, Lesser Servant of Makhleb, Major Destruction,
Greater Servant of Makhleb, Renounce Religion


You were on level 2 of the Realm of Zot.
You worshipped Makhleb.
Makhleb was exalted by your worship.
You visited 9 branches of the dungeon, and saw 44 of its levels.
You also visited: Ossuary and Volcano.

You collected 2889 gold pieces.
You spent 1630 gold pieces at shops.

Inventory:

Hand Weapons
 a - the +5 broad axe "Siac" {vorpal, Str-5 Int+2 Dex+2}
   (You acquired it on level 4 of the Spider Nest)

   It inflicts extra damage upon your enemies.
   It affects your strength (-5).
   It affects your intelligence (+2).
   It affects your dexterity (+2).
 B - a +9 war axe of freezing (weapon)
Missiles
 x - a throwing net (quivered)
Armour
 c - a +5 kite shield (worn)
 D - the +2 helmet of Charity (worn) {Dex+4}
   (You found it on level 14 of the Dungeon)

   It affects your dexterity (+4).
 H - a +0 crystal plate armour (worn)
 N - a scarf of resistance (worn)
 P - a +2 plate armour of fire resistance
Jewellery
 g - an uncursed ring of resist corrosion
 v - a ring of protection from fire (right hand)
 F - an uncursed ring of protection from cold
 K - a ring of poison resistance (left hand)
 R - an amulet of faith (around neck)
Wands
 s - a wand of iceblast (22) {@v2}
 u - a wand of polymorph (26)
 C - a wand of paralysis (27)
 E - a wand of digging (17) {@v3}
 L - a wand of acid (18) {@v1}
Scrolls
 f - 3 scrolls of magic mapping {@r5}
 h - 11 scrolls of teleportation {@r3}
 j - 18 scrolls of remove curse {@r2}
 m - 2 scrolls of fog
 r - 9 scrolls of blinking
 y - 9 scrolls of identify {@r1}
 A - 3 scrolls of vulnerability
 G - a scroll of summoning
 I - 3 scrolls of fear
 M - a scroll of holy word
 O - a scroll of torment
 S - 3 scrolls of immolation {@r4}
 T - a scroll of enchant weapon
Potions
 b - 2 potions of resistance {@q6}
 d - 4 potions of might {@q3}
 k - 10 potions of lignification {@q7}
 l - 3 potions of curing {@q1}
 n - 4 potions of heal wounds {@q2}
 p - 7 potions of haste {@q4}
 q - 3 potions of stabbing {@q5}
 t - a potion of cancellation
 w - 11 potions of ambrosia
 z - a potion of flight
 Q - 2 potions of berserk rage
Miscellaneous
 i - a box of beasts (3/3)
 J - a condenser vane (2/2)


   Skills:
 * Level 15.7 Fighting
 - Level 18.1 Axes
 * Level 18.2 Armour
 + Level 15.1 Shields
 + Level 15.8 Invocations


You had 18 spell levels left.
You didn't know any spells.
Your spell library was empty.

Dungeon Overview and Level Annotations

Branches:
Dungeon (15/15)            Temple (1/1) D:7            Lair (6/6) D:10
  Swamp (4/4) Lair:3       Spider (4/4) Lair:4        Slime (5/5) Lair:6
    Orc (2/2) D:9             Elf (0/3) Orc:2        Vaults (0/5) D:14
 Depths (5/5) D:15            Zot (2/5) Depths:5    Ossuary (visited)
Volcano (visited)

Altars:
Ashenzari
Elyvilon
Gozag
Hepliaklqana
Kikubaaqudgha
Makhleb
Okawaru
Qazlal
Ru
Sif Muna
Trog
Vehumet
Wu Jian
Yredelemnul
Zin
The Shining One
Beogh
Jiyva

Shops:
D:5 (*!*(   D:14 =(   Orc:2 ???:

Portals:
Hell: Depths:5
Gauntlet: D:15


Innate Abilities, Weirdness & Mutations

You are resistant to damage.
You can heal yourself by infusing magical energy.
You resist negative energy. (rN+)
You passively map a large area around you.
You do not regenerate.
You are partially covered in rugged brown scales. (AC +1, +3% HP)
Your body sometimes deteriorates upon taking damage.
Potions are less effective at restoring your health.


Message History

The glob of acid hits you! The acid corrodes you!
You are splashed with acid!
The electric golem blinks!
You hit the black draconian. You freeze the black draconian.
The black draconian is moderately wounded.
You are engulfed in blazing flames.
You resist. You block the green draconian's attack.
The black draconian hits you but does no damage.
You slash the black draconian! You freeze the black draconian.
The black draconian is heavily wounded.
You are engulfed in blazing flames.
You resist. You block something's attack.
The yellow draconian throws acid at you.
The glob of acid hits you but does no damage.
You are splashed with acid!
The red draconian annihilator casts a spell at you.
The bolt of lightning hits the black draconian.
The black draconian completely resists.
The bolt of lightning hits you!!
Your body deteriorates!
You feel dopey.
The green draconian hits you from afar with a +0 halberd!
The black draconian hits you but does no damage.
You are too injured to fight recklessly!
You are too injured to fight recklessly!
You are too injured to fight recklessly!
You are too injured to fight recklessly!
You are too injured to fight recklessly!
You are too injured to fight recklessly!
You are too injured to fight recklessly!
You are too injured to fight recklessly!
You are too injured to fight recklessly!
You are too injured to fight recklessly!
You are too injured to fight recklessly!
You are too injured to fight recklessly!
You are too injured to fight recklessly!
You are too injured to fight recklessly!
You are too injured to fight recklessly!
You are too injured to fight recklessly!
You are too injured to fight recklessly!
You are too injured to fight recklessly!
You are too injured to fight recklessly!
You are too injured to fight recklessly!
You are too injured to fight recklessly!
You feel much better.
You are engulfed in blazing flames.
You resist. Something hits you!
The yellow draconian hits you from afar with a +0 halberd!
The red draconian annihilator mumbles some strange words.
The red draconian annihilator blinks!
Something hits you.
Something tail-slaps you but does no damage.
The red draconian breathes flames at you.
The searing blast hits you. You resist.
The black draconian breathes lightning at you.
The bolt of lightning hits you!
* * * LOW HITPOINT WARNING * * *
The bolt of lightning hits you!!!
* * * LOW HITPOINT WARNING * * *
Your body deteriorates!
You feel weakened. You block the green draconian's attack.
You block the yellow draconian's attack.
Something hits you but does no damage.
Something tail-slaps you but does no damage.
Items here: )) ††.
You are too injured to fight recklessly!
You are too injured to fight recklessly!
You are too injured to fight recklessly!
You are too injured to fight recklessly!
You are too injured to fight recklessly!
You are too injured to fight recklessly!
You are too injured to fight recklessly!
You are too injured to fight recklessly!
You are too injured to fight recklessly!
You feel much better.
The red draconian hits you from afar with a +0 halberd!
* * * LOW HITPOINT WARNING * * *
The electric golem hurls lightning at you.
The bolt of lightning hits you!!
* * * LOW HITPOINT WARNING * * *
The bolt of lightning hits the black draconian.
The black draconian completely resists.
The bolt of lightning hits the black draconian.
The black draconian completely resists.
The bolt of lightning misses you. You block the black draconian's attack.
The green draconian hits you but does no damage.
You hear some strange, mumbled words.
A bolt of cold appears from out of thin air!
The bolt of cold hits you. You resist.
* * * LOW HITPOINT WARNING * * *
The yellow draconian hits you with a +0 halberd.
A black draconian scorcher comes into view.
It is wielding a +2 short sword of draining.
You feel much better.
The black draconian scorcher roars!
You block the electric golem's attack. x2
The electric golem hits you but does no damage. x2
The black draconian hits you with a +0 hand axe.
The red draconian hits you from afar with a +0 halberd.
Something hits you.
* * * LOW HITPOINT WARNING * * *
Something tail-slaps you.
* * * LOW HITPOINT WARNING * * *
You block the electric golem's attack. The electric golem hits you.
The electric golem shocks you!
You die...

********.......,**,,,* *
#..,* **.......,,,,,,***
*##..,* *,.......,,,,,,,,,
*.....***,.......,,,,,,,,*
*.....##,,.......,,,,,,,,*
*......$##....q..,,,,,,,,,
*.........).....q,,,,,,,,,
*[<....d{8dd.....,,,,,,,,,
**,^^.###)@.#.....**,,,,,,,
*,,,,** #§d.#,,...,,*,,,,,,
**,,,** #°).#*,,,.,,,,,,,,,
*****,,,,*
#####*,,,,,,,,,,,,,
*,,,,,,*** ****,,,,,>,,,,
*,,,,,*** *******,,,,
*,,<,,,,* ****,,**
**,,,,,,* *,,,,,,, ****,,,*
*,,,,,,,


You could see an electric golem, a black draconian (catching breath), a yellow
draconian, a green draconian, a red draconian (catching breath), a red draconian
annihilator and a black draconian scorcher.

Vanquished Creatures
  the Royal Jelly (Slime:5)
  Bai Suzhen (Spider:3)
  Xtahua (Depths:5)
  2 golden dragons (Zot:2)
  A bone dragon (Depths:5)
  A tentacled monstrosity (Zot:2)
  A quicksilver dragon (Zot:1)
  13 acid blobs
  Gastronok (Lair:2)
  2 thorn hunters (Swamp:4)
  A storm dragon (Zot:1)
  6 azure jellies
  4 draconian knights
  An iron dragon (Depths:5)
  Louise (Spider:2)
  An emperor scorpion (Spider:4)
  2 draconian stormcallers
  2 ghost moths (Spider:4)
  A draconian shifter (Zot:1)
  3 draconian scorchers
  4 ghouls (D:13)
  5 very ugly things (Depths:5)
  2 stone giants (Depths:5)
  A draconian annihilator (Zot:2)
  2 entropy weavers
  2 green draconians
  Nessos (Lair:6)
  5 yellow draconians
  2 black draconians (Zot:2)
  6 red draconians
  4 white draconians
  3 spark wasps
  4 purple draconians
  10 fire dragons
  4 yaktaur captains
  12 hydras
  A great orb of eyes (Slime:5)
  Harold (D:7)
  Erica (D:8)
  A centaur warrior (D:14)
  A spriggan air mage (Depths:4)
  3 alligators
  A two-headed ogre (D:12)
  A deep troll shaman (Depths:1)
  7 tengu warriors
  4 orc high priests (Orc:2)
  2 deep troll earth magi
  Urug (Lair:2)
  A spriggan berserker (Depths:5)
  2 fire crabs (Swamp:4)
  8 skeletal warriors
  An unseen horror (D:15)
  7 deep trolls
  A glowing orange brain (Slime:3)
  A spriggan druid (Swamp:3)
  4 swamp dragons
  Pikel (D:4)
  6 orc knights
  6 orb spiders
  10 wolf spiders
  A deep elf mage (D:15)
  5 orc sorcerers
  5 shining eyes
  6 elephants (Lair:6)
  13 ugly things
  A manticore (D:15)
  4 moths of wrath
  5 cyclopes
  Joseph (D:7)
  A smoke demon (Volcano)
  3 black mambas
  4 eyes of devastation
  2 guardian serpents (D:10)
  11 cane toads
  6 centaur skeletons
  2 tengu conjurers
  A rime drake (Lair:5)
  8 demonic crawlers
  5 komodo dragons
  5 yaktaurs
  A queen bee (shapeshifter) (Depths:5)
  18 jumping spiders
  2 red devils (Volcano)
  3 meliai (D:14)
  A queen bee (D:14)
  5 polar bears
  7 trolls
  Prince Ribbit (D:5)
  8 blink frogs (Lair:6)
  6 hornets
  2 tyrant leeches (Swamp:1)
  2 meliai zombies (D:13)
  3 bog bodies (Swamp:1)
  4 hippogriffs
  A hippogriff (shapeshifter) (Depths:5)
  52 slime creatures
  Sigmund (D:4)
  3 shadows
  34 yaks
  49 redbacks
  3 spriggans
  12 tarantellas
  3 wyverns
  A wraith (D:12)
  2 fire bats (Swamp:4)
  A golden eye (Slime:5)
  6 basilisks
  Menkaure (D:5)
  7 vampire mosquitoes (Swamp:1)
  3 steam dragons
  9 swamp worms
  5 wargs
  3 insubstantial wisps (Swamp:1)
  6 water moccasins
  3 porcupines
  A floating eye (Slime:4)
  19 orc warriors
  A black bear (D:9)
  4 ice beasts
  A necrophage (D:13)
  2 eyes of draining
  3 sky beasts
  8 ogres
  2 phantoms
  7 swamp drakes
  18 wolves
  5 centaurs
  10 crocodiles
  6 big kobolds
  An elf zombie (Ossuary)
  15 bullfrogs
  A gnoll sergeant (D:9)
  A water moccasin zombie (D:6)
  3 scorpions
  A wyvern skeleton (D:10)
  29 killer bees
  5 wights (D:10)
  3 electric eels
  A howler monkey (D:6)
  4 jellies (D:9)
  2 quasits
  2 bullfrog zombies
  A lava snake (Swamp:4)
  6 centaur zombies
  4 hounds
  A bullfrog skeleton (D:5)
  10 orc priests
  4 iguanas
  5 worker ants
  18 orc wizards
  5 hell rats (Lair:2)
  A killer bee zombie (D:9)
  4 big kobold zombies (Ossuary)
  2 hound zombies
  2 hound skeletons
  6 mummies
  A worker ant zombie (D:11)
  A howler monkey zombie (D:8)
  3 gnolls (D:9)
  A howler monkey skeleton (D:7)
  6 adders
  4 shadow imps
  2 white imps (D:6)
  2 ufetubi (D:8)
  2 worms
  A dart slug (D:1)
  5 leopard geckos
  83 orcs
  2 giant cockroaches (D:3)
  A gnoll zombie (Ossuary)
  4 goblins
  9 hobgoblins
  9 jackals
  7 quokkas
  A ball python (D:4)
  A ball python skeleton (D:4)
  A bat (D:3)
  3 frilled lizards
  A hobgoblin zombie (Ossuary)
  A jackal skeleton (D:6)
  2 jackal zombies
  22 kobolds
  A kobold zombie (Ossuary)
  3 leopard gecko skeletons
  2 quokka skeletons
  2 quokka zombies (D:6)
  3 rats
  2 rat zombies (Ossuary)
  6 briar patches (Swamp:4)
960 creatures vanquished.

Vanquished Creatures (collateral kills)
  2 golden dragons (Zot:1)
  An acid blob (Slime:3)
  A ghost moth (Spider:4)
  3 very ugly things (Depths:5)
  An emperor scorpion (Spider:4)
  A fire dragon (Depths:5)
  A swamp dragon (Swamp:4)
  An ugly thing (Depths:5)
  An orb spider (Spider:4)
  2 wolf spiders
  A shining eye (Slime:5)
  6 jumping spiders
  2 hornets (Spider:4)
  2 redbacks
  An orc warrior (Orc:2)
  An electric eel (Spider:4)
  An orc priest (Orc:2)
  An orc (Orc:2)
29 creatures vanquished.

Vanquished Creatures (others)
  A lich (Depths:4)
  A spriggan druid (Swamp:4)
  A lindwurm (Swamp:4)
  2 steam dragons (Swamp:4)
  5 swamp drakes (Swamp:4)
  A boggart (D:14)
  An orc priest (Orc:2)
  An orc wizard (Orc:2)
  A briar patch (Swamp:4)
  28 fungi
  30 plants
  7 toadstools (Swamp:2)
  A withered plant (D:13)
80 creatures vanquished.

Grand Total: 1069 creatures vanquished

Notes
Turn   | Place    | Note
-------+----------+-------------------------------------------
     0 | D:1      | EnegeticOcto the Deep Dwarf Fighter began the quest for the
                  | Orb.
     0 | D:1      | Reached XP level 1. HP: 20/20 MP: 1/1
    85 | D:1      | Reached XP level 2. HP: 27/27 MP: 2/2
   337 | D:3      | Reached XP level 3. HP: 31/33 MP: 3/3
   659 | D:4      | Noticed Sigmund
   665 | D:4      | Killed Sigmund
   665 | D:4      | Reached XP level 4. HP: 29/42 MP: 4/4
   665 | D:4      | Reached XP level 5. HP: 34/49 MP: 5/5
   677 | D:4      | Reached XP level 6. HP: 39/56 MP: 6/6
   818 | D:4      | Reached skill level 5 in Axes
   841 | D:4      | Noticed Pikel
   852 | D:4      | Killed Pikel
   852 | D:4      | Reached skill level 5 in Armour
   852 | D:4      | Reached skill level 5 in Shields
   852 | D:4      | Reached XP level 7. HP: 57/66 MP: 7/7
  1270 | D:5      | Entered Level 5 of the Dungeon
  1288 | D:5      | Found Taasikk's Weapon Emporium.
  1291 | D:5      | Noticed Prince Ribbit
  1309 | D:5      | Killed Prince Ribbit
  1309 | D:5      | Reached XP level 8. HP: 53/73 MP: 8/8
  1445 | D:5      | Found Zejes's Weapon Shoppe.
  1484 | D:5      | Found Gad Meff's General Store.
  1495 | D:5      | Found Puon's Distillery.
  1499 | D:5      | Bought a potion of haste for 110 gold pieces
  1507 | D:5      | Found Goep's Assorted Antiques.
  1507 | D:5      | Noticed Menkaure
  1511 | D:5      | Killed Menkaure
  1513 | D:5      | Bought a scroll labeled HATASY TIUHIFI for 32 gold pieces
  1513 | D:5      | Bought a scroll labeled MUGOYRGHIOFU for 32 gold pieces
  1513 | D:5      | Bought a scroll labeled JOHAIXT GYSS for 32 gold pieces
  1650 | D:5      | Reached skill level 5 in Fighting
  1781 | D:5      | Found a radiant altar of Vehumet.
  1855 | D:5      | Found a shattered altar of Ashenzari.
  2035 | D:6      | Found an iron altar of Okawaru.
  2537 | D:6      | Gained mutation: You passively map the area around you.
                  | [Deep Dwarf growth]
  2537 | D:6      | Reached XP level 9. HP: 55/81 MP: 9/9
  2697 | D:6      | Found a sand-covered staircase.
  2705 | Ossuary  | Entered an ossuary
  3006 | D:7      | Noticed Joseph
  3024 | D:7      | Killed Joseph
  3206 | D:7      | Found a staircase to the Ecumenical Temple.
  3280 | Temple   | Entered the Ecumenical Temple
  3338 | Temple   | Became a worshipper of Makhleb the Destroyer
  3488 | D:7      | Noticed Harold
  3508 | D:7      | Killed Harold
  3508 | D:7      | Reached skill level 10 in Axes
  3607 | D:8      | Reached XP level 10. HP: 62/92 MP: 9/9
  3693 | D:8      | Noticed Erica
  3704 | D:8      | Killed Erica
  3940 | D:8      | Found an iron altar of Okawaru.
  4048 | D:8      | Found a bloodstained altar of Trog.
  4619 | D:9      | Reached * piety under Makhleb
  4738 | D:9      | Found a staircase to the Orcish Mines.
  4800 | D:9      | Found a glowing golden altar of the Shining One.
  4846 | D:9      | Found a basalt altar of Yredelemnul.
  5025 | D:9      | Noticed an angel
  5066 | D:10     | Entered Level 10 of the Dungeon
  5100 | D:10     | Reached ** piety under Makhleb
  5106 | D:10     | Noticed a guardian serpent
  5113 | D:10     | Killed a guardian serpent
  5172 | D:10     | Reached skill level 5 in Invocations
  5204 | D:10     | Reached XP level 11. HP: 59/100 MP: 12/12
  5272 | D:10     | Found a staircase to the Lair.
  5402 | D:10     | Reached XP level 12. HP: 89/109 MP: 14/14
  5666 | D:10     | Reached *** piety under Makhleb
  5858 | D:11     | You fall into a shaft and drop 3 floors!
  5956 | D:14     | Found Byenum's Jewellery Boutique.
  6095 | D:14     | Reached **** piety under Makhleb
  6200 | D:14     | Noticed a centaur warrior
  6210 | D:14     | Reached skill level 15 in Axes
  6231 | D:14     | Killed a centaur warrior
  6260 | D:14     | Found a gate to the Vaults.
  6436 | D:14     | Got a slimy helmet
  6441 | D:14     | Identified the +2 helmet of Charity {Dex+4} (You found it
                  | on level 14 of the Dungeon)
  6559 | D:14     | Found Nafumae's Weapon Emporium.
  6559 | D:14     | Noticed a tengu warrior
  6570 | D:14     | Killed a tengu warrior
  6821 | D:13     | Noticed a ghoul
  6824 | D:13     | Noticed a ghoul
  6824 | D:13     | Noticed a ghoul
  6847 | D:13     | Killed a ghoul
  6847 | D:13     | Reached skill level 10 in Shields
  6866 | D:13     | Killed a ghoul
  6866 | D:13     | Reached skill level 10 in Armour
  6886 | D:13     | Killed a ghoul
  6886 | D:13     | Reached XP level 13. HP: 82/118 MP: 12/12
  7038 | D:13     | Reached ***** piety under Makhleb
  7123 | D:13     | Noticed a ghoul
  7151 | D:13     | Killed a ghoul
  8684 | Orc:1    | Entered Level 1 of the Orcish Mines
  8694 | Orc:1    | Found a roughly hewn altar of Beogh.
  8853 | Orc:2    | Entered Level 2 of the Orcish Mines
  9123 | Orc:2    | Found a staircase to the Elven Halls.
  9255 | Orc:2    | Found Wetiec's Magic Scroll Shoppe.
  9270 | Orc:2    | Reached ****** piety under Makhleb
  9271 | Orc:2    | Reached skill level 10 in Invocations
  9271 | Orc:2    | Gained mutation: You resist negative energy. (rN+) [Deep
                  | Dwarf growth]
  9271 | Orc:2    | Reached XP level 14. HP: 115/129 MP: 12/12
  9300 | Orc:2    | Found Gasty's Book Shop.
  9313 | Orc:2    | Found Cazafuan's Magic Scroll Shop.
  9315 | Orc:2    | Found Mioh Boiz's Magic Scroll Shoppe.
  9373 | Orc:2    | Bought a scroll of summoning for 133 gold pieces
  9373 | Orc:2    | Bought a scroll of blinking for 105 gold pieces
  9373 | Orc:2    | Bought a scroll of fear for 49 gold pieces
  9727 | Orc:2    | Bought 3 scrolls of teleportation for 126 gold pieces
  9727 | Orc:2    | Bought a scroll of fog for 28 gold pieces
  9727 | Orc:2    | Bought a scroll of teleportation for 42 gold pieces
  9727 | Orc:2    | Bought a scroll of enchant weapon for 105 gold pieces
  9727 | Orc:2    | Bought a scroll of enchant weapon for 105 gold pieces
  9727 | Orc:2    | Bought a scroll of magic mapping for 49 gold pieces
  9729 | Orc:2    | Bought a scroll of blinking for 82 gold pieces
  9953 | D:14     | Bought an uncursed ring of poison resistance for 300 gold
                  | pieces
 10076 | Lair:1   | Entered Level 1 of the Lair of Beasts
 10233 | Lair:2   | Noticed Gastronok
 10259 | Lair:2   | Killed Gastronok
 10327 | Lair:2   | Noticed Urug
 10338 | Lair:2   | Reached skill level 10 in Fighting
 10345 | Lair:2   | Killed Urug
 10405 | Lair:2   | Found an ornate altar of the Wu Jian Council.
 11045 | Lair:3   | Found a radiant altar of Vehumet.
 11341 | Lair:3   | Found a staircase to the Swamp.
 11974 | Lair:4   | Found a hole to the Spider Nest.
 12466 | Lair:4   | Found a dark tunnel.
 12490 | Volcano  | Entered a volcano
 13137 | Spider:1 | Entered Level 1 of the Spider Nest
 13188 | Spider:1 | Noticed an entropy weaver
 13206 | Spider:1 | Killed an entropy weaver
 13412 | Spider:2 | Reached XP level 15. HP: 140/140 MP: 14/14
 13433 | Spider:3 | Noticed Louise
 13456 | Spider:2 | Killed Louise
 13961 | Spider:3 | Noticed Bai Suzhen
 13990 | Spider:3 | Killed Bai Suzhen
 14009 | Spider:4 | Entered Level 4 of the Spider Nest
 14514 | Spider:4 | Paralysed by a hornet for 2 turns
 14531 | Spider:4 | Killed a ghost moth
 14532 | Spider:4 | Killed a ghost moth
 14566 | Spider:4 | Killed a ghost moth
 14590 | Spider:4 | Got a gossamer rune of Zot
 14592 | Spider:4 | Identified a scroll of acquirement
 14592 | Spider:4 | Acquired the +5 broad axe "Siac" {vorpal, Str-5 Int+2
                  | Dex+2}
 15580 | Lair:6   | Entered Level 6 of the Lair of Beasts
 15774 | Lair:6   | Noticed Nessos
 15799 | Lair:6   | Reached XP level 16. HP: 152/152 MP: 15/15
 15825 | Lair:6   | Killed Nessos
 16000 | Lair:6   | Found a staircase to the Slime Pits.
 16208 | Swamp:1  | Entered Level 1 of the Swamp
 16572 | Swamp:4  | Entered Level 4 of the Swamp
 16579 | Swamp:4  | Noticed a thorn hunter
 16626 | Swamp:4  | Killed a thorn hunter
 16794 | Swamp:4  | Noticed a thorn hunter
 16813 | Swamp:4  | Killed a thorn hunter
 16904 | Swamp:4  | Got a decaying rune of Zot
 16959 | Swamp:4  | Reached skill level 15 in Armour
 17290 | D:14     | Bought an uncursed ring of resist corrosion for 300 gold
                  | pieces
 17586 | Slime:1  | Entered Level 1 of the Pits of Slime
 17594 | Slime:1  | Gained mutation: You occasionally shout uncontrollably at
                  | your foes. [a shining eye]
 17596 | Slime:1  | Gained mutation: Your body sometimes deteriorates upon
                  | taking damage. [a shining eye]
 17599 | Slime:1  | Gained mutation: You tend to lose your temper in combat. [a
                  | shining eye]
 17632 | Slime:1  | Lost mutation: You occasionally shout uncontrollably at
                  | your foes. [potion of mutation]
 17632 | Slime:1  | Lost mutation: Your body sometimes deteriorates upon taking
                  | damage. [potion of mutation]
 17632 | Slime:1  | Lost mutation: You tend to lose your temper in combat.
                  | [potion of mutation]
 17632 | Slime:1  | Gained mutation: Your muscles are strong. (Str +2) [potion
                  | of mutation]
 17632 | Slime:1  | Gained mutation: You are partially covered in rugged brown
                  | scales. (AC +1, +3% HP) [potion of mutation]
 17724 | Slime:2  | You fall into a shaft and drop 1 floor!
 17724 | Slime:3  | Noticed an acid blob
 17724 | Slime:3  | Noticed an acid blob
 17733 | Slime:3  | Killed an acid blob
 17735 | Slime:3  | Noticed an acid blob
 17736 | Slime:3  | Killed an acid blob
 17746 | Slime:3  | Killed an acid blob
 17761 | Slime:3  | Gained mutation: Potions are less effective at restoring
                  | your health. [a shining eye]
 17817 | Slime:5  | Entered Level 5 of the Pits of Slime
 17847 | Slime:5  | Noticed an acid blob
 17877 | Slime:5  | Killed an acid blob
 17877 | Slime:5  | Reached XP level 17. HP: 161/168 MP: 11/11
 17898 | Slime:5  | Found a viscous altar of Jiyva.
 17899 | Slime:5  | Found the +3 Elemental Staff {rElec rF++ rC++ MR++ AC+5}
 17899 | Slime:5  | Noticed the Royal Jelly
 17904 | Slime:5  | Noticed an acid blob
 17906 | Slime:5  | Noticed an acid blob
 17907 | Slime:5  | Noticed an acid blob
 17908 | Slime:5  | Noticed an acid blob
 17913 | Slime:5  | Noticed an acid blob
 17918 | Slime:5  | Killed the Royal Jelly
 17918 | Slime:5  | Killed an acid blob
 17920 | Slime:5  | Noticed an acid blob
 17923 | Slime:5  | Noticed an acid blob
 17924 | Slime:5  | Killed an acid blob
 17926 | Slime:5  | Killed an acid blob
 17926 | Slime:5  | Noticed an acid blob
 17931 | Slime:5  | Killed an acid blob
 17931 | Slime:5  | Killed an acid blob
 17937 | Slime:5  | Killed an acid blob
 17941 | Slime:5  | Killed an acid blob
 17944 | Slime:5  | Killed an acid blob
 17953 | Slime:5  | Noticed an acid blob
 17964 | Slime:5  | Killed an acid blob
 18026 | Slime:5  | Identified the Collected Works on Summoning and Battle
                  | Magic
 18028 | Slime:5  | Got a slimy rune of Zot
 18050 | Slime:5  | Identified the Volume of Weightlessness and Combat Magic
 18103 | Slime:3  | Noticed an acid blob
 18117 | Slime:3  | Killed an acid blob
 18455 | D:15     | Entered Level 15 of the Dungeon
 18455 | D:15     | Found a gate leading to a gauntlet.
 18966 | D:15     | Found a staircase to the Depths.
 18975 | Depths:1 | Entered Level 1 of the Depths
 19117 | Depths:4 | Noticed a lich
 19134 | Depths:4 | Killed a lich
 19169 | Depths:5 | Entered Level 5 of the Depths
 19205 | Depths:5 | Noticed Xtahua
 19228 | Depths:5 | Gained mutation: You passively map a large area around you.
                  | [Deep Dwarf growth]
 19228 | Depths:5 | Reached XP level 18. HP: 181/181 MP: 8/10
 19239 | Depths:5 | Lost mutation: Your muscles are strong. (Str +2) [a
                  | cacodemon]
 19243 | Depths:5 | Gained mutation: Your body sometimes deteriorates upon
                  | taking damage. [a cacodemon]
 19253 | Depths:5 | Killed Xtahua
 19273 | Depths:5 | Reached skill level 15 in Invocations
 19282 | Depths:5 | Found a gateway to Hell.
 19310 | Depths:5 | Found a gate to the Realm of Zot.
 19310 | Depths:5 | Noticed a bone dragon
 19342 | Depths:5 | Killed a bone dragon
 19342 | Depths:5 | Reached skill level 15 in Fighting
 19353 | Zot:1    | Entered Level 1 of the Realm of Zot
 19353 | Zot:1    | Noticed a golden dragon
 19353 | Zot:1    | Noticed a golden dragon
 19359 | Zot:1    | Killed a golden dragon
 19364 | Zot:1    | Killed a golden dragon
 19543 | Zot:2    | Noticed a golden dragon
 19551 | Zot:2    | Noticed an electric golem
 19552 | Zot:2    | Noticed a golden dragon
 19557 | Zot:2    | Noticed a tentacled monstrosity
 19585 | Zot:2    | Killed a golden dragon
 19585 | Zot:2    | Reached skill level 15 in Shields
 19592 | Zot:2    | Killed a tentacled monstrosity
 19600 | Zot:2    | Killed a golden dragon
 19615 | Zot:2    | Reached XP level 19. HP: 134/193 MP: 5/5
 19624 | Zot:2    | HP: 8/193 [electric golem/bolt of lightning (18)]
 19625 | Zot:2    | Slain by an electric golem

Illustrated notes

Levels and vault maps discovered:
D:1:      dpeg_arrival_ratfight, layout_basic, chequers_garden, minivault_5
D:2:      layout_loops_corners, lemuel_round_altar,
          chequers_temple_overflow_minitemple, uniq_crazy_yiuf_cottage
D:3:      layout_loops_ring
D:4:      layout_loops_ring, uniq_sigmund, uniq_pikel
D:5:      layout_loops_ring, kennysheep_mini_moat, serial_shops,
          nicolae_shop_trees, shop, kennysheep_mini, kennysheep_little_box,
          shop, basic_altar, uniq_menkaure, uniq_prince_ribbit1
D:6:      layout_cave_pods, okawaru_metal_pillars_1_2, enter_ossuary_4,
          minmay_between
D:7:      layout_cave_pools, minmay_temple_entry_large_hall,
          kennysheep_generic_room_3, uniq_joseph, uniq_harold
D:8:      layout_gridville, basic_altar, trog_hazing_becter, uniq_erica
D:9:      layout_irregular_city, grunt_temple_overflow_holy_war,
          hiddenorc1_lemuel
D:10:     nrook_guardian_serpent_snake_passage, layout_cave_pools,
          erik_lair_orcish_takeover, st_stairs_7, kennysheep_kite_vault
D:11:     layout_basic, minmay_misc_feat_nine_boxes
D:12:     layout_irregular_city
D:13:     layout_rooms, serial_undead, serial_undead_d, serial_undead_c,
          serial_undead_d, serial_undead_a, serial_undead_f, serial_undead_d,
          chequers_jeans
D:14:     layout_roguey [special_room_bee],
          hangedman_vaults_entry_quadrant_bands, serial_shops,
          nicolae_shop_stone, shop_fountains, grunt_decor_resistance,
          st_stairs_12
D:15:     grunt_enter_depths_hoard, layout_basic, gauntlet_entry_generic,
          corexii_leaking_fountain, uniq_roxanne
Temple:   nicolae_temple_hex_pool
Lair:1:   layout_layer_cave
Lair:2:   layout_cellular_growth, basic_altar, beast_lair_carwin_5, uniq_urug,
          uniq_gastronok
Lair:3:   layout_loops_ring, minmay_swamp_entry_worms, basic_altar,
          chequers_serial_rivers_micro_b, nicolae_quartered_pool_little,
          infiniplex_staircase_pool_2, grunt_megastairs_3
Lair:4:   layout_long_grid, nicolae_spider_entry_tight_spaces, enter_volcano_1,
          chequers_serial_rivers_small_a
Lair:5:   layout_cave_pods
Lair:6:   minmay_lair_end_enchanted_forest, layout_gridlike, slime_dummy,
          st_stairs_12, uniq_nessos
Swamp:1:  layout_falls_marsh, nicolae_swamp_little_tower
Swamp:2:  cheibrodos_swamp_tower_of_moss, layout_basic_swamp,
          evilmike_swamp_ruin_rubble_1
Swamp:3:  layout_falls_marsh, serial_swamp_ruin, evilmike_swamp_ruin_house_6,
          evilmike_swamp_ruin_house_2, evilmike_swamp_ruin_rubble_2
Swamp:4:  swamp_fiery, layout_basic_swamp, swamp_pool5
Spider:1: layout_spider_delve
Spider:2: layout_spider_delve
Spider:3: layout_spider_delve, uniq_bai_suzhen, uniq_louise
Spider:4: spider_rune_water
Slime:1:  cheibrodos_slime_lost_civilization_3, layout_caves
Slime:2:  cheibrodos_slime_lost_civilization_10, layout_caves
Slime:3:  layout_caves
Slime:4:  layout_caves, nicolae_slime_barrier
Slime:5
Orc:1:    layout_diamond_mine, basic_altar, minmay_orc_treasury
Orc:2:    st_orc_elflike, layout_diamond_mine, nicolae_orc_rich_vein
Depths:1: layout_gridlike, enter_ziggurat_d, kennysheep_doodads, hell_entry,
          st_stairs_5, grunt_decor_fettered, nrook_kobold_shadow_demons
Depths:2: minmay_the_grid_3x3 [minmay_the_grid_square_x,
          minmay_the_grid_broken_lines, minmay_the_grid_eight,
          minmay_the_grid_medium_cups, minmay_the_grid_empty,
          minmay_the_grid_outer_circle, minmay_the_grid_dragon_b,
          minmay_the_grid_odd_star,
          minmay_the_grid_prize_four_corners_diamond_b], layout_small_grid,
          grunt_decor_mini_mirrors, hangedman_tar_grid_catacomb,
          serial_co_window_serial, co_window_paths_a, co_window_paths_a,
          co_window_of_opportunity_a, co_window_paths_a, co_window_corner_a,
          co_window_paths_c, co_window_2corner, glass_columns_c,
          glass_columns_c, glass_columns_a, glass_columns_b, glass_columns_a,
          ebering_ghost_reflecting_pool
Depths:3: grunt_runaround [grunt_runaround_doors_1, grunt_runaround_doors_2,
          grunt_runaround_doors_3, grunt_runaround_doors_4,
          grunt_runaround_loot], pan_entry, hell_entry, abyss_entry
Depths:4: grunt_forest_end_chambers, layout_basic,
          chequers_serial_rivers_micro_e, hell_entry, serial_shops,
          nicolae_shop_trees, abyss_entry_flame_altar, uniq_mara
Depths:5: grunt_zot_entry_tricorne, layout_cave_shapes,
          hangedman_decor_clover_reticule, special_room [special_room_jelly],
          hell_entry, uniq_xtahua, uniq_boris
Zot:1:    lemuel_acid_trip, layout_cathedral_of_symmetry, gammafunk_ghost_split,
          st_stairs_14
Zot:2:    layout_misc_corridors

Skill      XL: |  1  2  3  4  5  6  7  8  9 10 11 12 13 14 15 16 17 18 |
---------------+-------------------------------------------------------+-----
Axes           | 3 4 6 8 10 14 15 16 17 18 | 18.1
Fighting       | 3 4 5 6 7 8 9 10 12 13 14 15 | 15.7
Armour         | 4 5 6 7 8 10 11 12 14 15 16 18 | 18.2
Shields        | 4 5 6 7 8 10 11 12 13 14 15 | 15.1
Invocations    | 2 5 8 10 11 12 13 14 15 | 15.8

Action                   |  1- 3 |  4- 6 |  7- 9 | 10-12 | 13-15 | 16-18 | 19-21 || total
-------------------------+-------+-------+-------+-------+-------+-------+-------++-------
Melee: War axe           |   111 |    34 |   253 |   538 |  1068 |   413 |     6 ||  2423
       Broad axe         |       |       |       |       |   142 |   575 |       ||   717
Throw: Throwing net      |       |       |       |       |       |     2 |       ||     2
Invok: Lesser Servant of |       |       |       |       |    14 |     8 |       ||    22
       Greater Servant o |       |       |       |       |     2 |     8 |       ||    10
 Abil: Heal Wounds       |     1 |     1 |     8 |    16 |     9 |    35 |     3 ||    73
Evoke: Wand              |       |       |       |       |     2 |     8 |       ||    10
       Condenser vane    |       |       |       |       |       |     2 |       ||     2
  Use: Scroll            |       |       |    11 |    11 |    14 |    12 |       ||    48
       Potion            |       |       |       |     1 |     1 |     9 |       ||    11
 Stab: Distracted        |       |       |       |       |     7 |     4 |       ||    11
       Held in net/web   |       |       |       |       |       |     2 |       ||     2
       Invisible         |       |       |       |       |       |    18 |       ||    18
       Confused          |       |       |       |       |       |     1 |       ||     1
Armor: Scale mail        |    42 |    19 |    23 |       |       |       |       ||    84
       Plate armour      |       |       |    96 |   240 |    89 |       |       ||   425
       Crystal plate arm |       |       |       |       |   771 |   855 |    14 ||  1640
Dodge: Dodged            |    27 |    11 |    47 |   101 |   162 |   212 |     1 ||   561
Block: Kite shield       |    57 |    13 |   126 |   378 |   952 |   951 |    12 ||  2489

Table legend: (Time is in decaauts)
 A = Elapsed time spent in this place.
 B = Non-inter-level travel time spent in this place.
 C = Inter-level travel time spent in this place.
 D = Time resting spent in this place.
 E = Time spent auto-exploring this place.
 F = Levels seen in this place.
 G = Mean time per level.
                   A        B        C        D        E       F      G
               +--------+--------+--------+--------+--------+-----+--------+
         Total |  19128 |  16615 |   2513 |    524 |  11380 |  46 |  415.8 |
       Dungeon |   9522 |   8382 |   1140 |      0 |   6282 |  15 |  634.8 |
        Temple |     71 |     59 |     12 |      0 |     51 |   1 |   71.0 |
          Lair |   4642 |   3891 |    751 |      0 |   3282 |   6 |  773.7 |
         Swamp |    853 |    674 |    179 |      0 |    321 |   4 |  213.2 |
   Spider Nest |   1525 |   1397 |    128 |    484 |    408 |   4 |  381.2 |
    Slime Pits |    507 |    433 |     74 |      2 |     54 |   5 |  101.4 |
  Orcish Mines |   1088 |    928 |    160 |      0 |    724 |   2 |  544.0 |
        Depths |    313 |    248 |     65 |      0 |      0 |   5 |   62.6 |
           Zot |    234 |    234 |      0 |     38 |      0 |   2 |  117.0 |
       Ossuary |    158 |    158 |      0 |      0 |     95 |   1 |  158.0 |
       Volcano |    212 |    212 |      0 |      0 |    163 |   1 |  212.0 |
               +--------+--------+--------+--------+--------+-----+--------+

Top non-repeatable levels by time:
  Lair:4: 1188 daAuts
    D:14: 1107 daAuts
  Lair:2: 1043 daAuts
  Lair:3: 913 daAuts
   Orc:2: 896 daAuts
  Lair:5: 860 daAuts
    D:10: 837 daAuts
    D:12: 825 daAuts
     D:8: 803 daAuts
     D:5: 784 daAuts
     D:6: 755 daAuts
     D:9: 750 daAuts
    D:11: 709 daAuts
     D:4: 670 daAuts
Spider:4: 634 daAuts
